 Dungeon Crawl Stone Soup version 0.24-a0-25-g8489be9 (webtiles) character file.

Game seed: 4426673047432139799

442 Blackhawk the Cudgeler (level 7, -2/44 HPs)
             Began as a Gargoyle Gladiator on Feb 1, 2019.
             Was an Initiate of Ru.
             Slain by an ogre
             ... wielding a +0 giant club
              (14 damage)
             ... on level 4 of the Dungeon.
             The game lasted 00:06:00 (3665 turns).

Blackhawk the Cudgeler (Gargoyle Gladiator)         Turns: 3665, Time: 00:06:01

Health: -2/44      AC: 11    Str: 19    XL:     7   Next: 2%
Magic:  7/7        EV: 10    Int:  9    God:    Ru [......]
Gold:   172        SH:  9    Dex: 11    Spells: 6/6 levels left

rFire    + . .     SeeInvis +   a - +0 flail
rCold    . . .     Gourm    .   j - +0 shield
rNeg     + . .     Faith    .   t - +0 leather armour
rPois    ∞         Spirit   .   u - +2 helmet
rElec    +         Reflect  .   (no cloak)
rCorr    .         Harm     .   (no gloves)
MR       .....                  (no boots)
Stlth    +.........             (no amulet)
HPRegen  0.14/turn              e - ring of protection from fire
MPRegen  0.10/turn              x - ring of see invisible

@: no status effects
A: negative energy resistance 1, electricity resistance, unbreathing,
petrification resistance, rot immunity, AC +4
a: Renounce Religion


You were on level 4 of the Dungeon.
You worshipped Ru.
Ru was noncommittal.
You were hungry.

You visited 1 branch of the dungeon, and saw 4 of its levels.

You collected 172 gold pieces.

Inventory:

Hand Weapons
 a - a +0 flail (weapon)
 b - a +2 short sword of venom
Missiles
 d - 3 throwing nets (quivered)
Armour
 c - a +0 helmet
 j - a +0 shield (worn)
 t - a +0 leather armour (worn)
 u - a +2 helmet (worn)
Jewellery
 e - a ring of protection from fire (left hand)
 x - a ring of see invisible (right hand)
Wands
 v - a wand of random effects (12)
Scrolls
 l - 4 scrolls of teleportation {unknown}
 m - a scroll of fear {unknown}
 n - 7 scrolls of identify {unknown}
 o - a scroll of enchant weapon {unknown}
 p - a scroll of immolation {unknown}
 q - a scroll of remove curse {unknown}
 r - a scroll of random uselessness {unknown}
 w - a scroll of magic mapping {unknown}
Potions
 g - 3 potions of heal wounds {unknown}
 h - a potion of flight {unknown}
 i - 2 potions of curing
 k - a potion of lignification {unknown}
 s - 2 potions of magic {unknown}
 z - a potion of might {unknown}
Comestibles
 f - 3 rations


   Skills:
 + Level 4.3 Fighting
 + Level 4.5 Maces & Flails
 - Level 1.7 Throwing
 + Level 3.6 Armour
 - Level 2.6 Dodging
 + Level 3.3 Shields


You had 6 spell levels left.
You didn't know any spells.
Your spell library was empty.

Dungeon Overview and Level Annotations

Branches:
Dungeon (4/15)
 Temple: D:4-7

Altars:
Ru


Innate Abilities, Weirdness & Mutations

You are resistant to torment.
Your stone body is resilient. (AC +4)
You are immune to poison.
You resist negative energy. (rN+)
You are resistant to electric shocks. (rElec)
You can survive without breathing.
You are immune to petrification.
You are immune to rotting.


Message History

You are too injured to fight recklessly!
You are too injured to fight recklessly!
You see here a quarterstaff.
There is an open door here.
You barely miss the ogre. The ogre hits you with a +0 giant club!
You hit the ogre but do no damage. You block the ogre's attack.
You thump the ogre!
The ogre is moderately wounded.
The ogre hits you with a +0 giant club!
* * * LOW HITPOINT WARNING * * *
Your shield prevents you from hitting the ogre.
The ogre is moderately wounded.
The ogre hits you but does no damage.
You barely miss the ogre.
The ogre is moderately wounded.
You block the ogre's attack.
You hit the ogre but do no damage.
The ogre is moderately wounded.
The ogre hits you with a +0 giant club!
You die...

#.# .. #.# .....
##.# .....
..###.....
#.........
#......... #........
#####....###########
#..@O.....#...#.....
#.#####'###.#.#.###.
#....<#.#...#.......
#######.#.###.##..##
#.......##....
####.#####.###
#.#####.# #.......#
#########


You could see an ogre.

Vanquished Creatures
  A scorpion (D:4)
  3 jellies (D:3)
  Natasha (thrice) (D:3)
  2 worker ants (D:4)
  Robin (D:3)
  2 adders
  9 oozes (D:3)
  A worm (D:2)
  3 dart slugs
  3 leopard geckos (D:1)
  6 orcs
  2 ball pythons
  11 giant cockroaches
  12 goblins
  9 hobgoblins
  12 kobolds
  2 quokkas (D:2)
  11 bats
  2 frilled lizards
  9 rats
104 creatures vanquished.

Vanquished Creatures (others)
  3 fungi (D:3)
  7 toadstools (D:3)
10 creatures vanquished.

Grand Total: 114 creatures vanquished

Notes
Turn   | Place    | Note
-------+----------+-------------------------------------------
     0 | D:1      | Blackhawk the Gargoyle Gladiator began the quest for the
                  | Orb.
     0 | D:1      | Reached XP level 1. HP: 12/12 MP: 1/1
   193 | D:1      | Reached XP level 2. HP: 18/18 MP: 2/2
   233 | D:1      | Reached skill level 1 in Armour
   676 | D:1      | Reached XP level 3. HP: 19/22 MP: 3/3
  1322 | D:2      | Reached skill level 1 in Shields
  1555 | D:2      | Reached XP level 4. HP: 27/27 MP: 4/4
  1965 | D:3      | Noticed Robin
  1992 | D:3      | Killed Robin
  2232 | D:3      | Noticed Natasha
  2235 | D:3      | Killed Natasha
  2235 | D:3      | Reached XP level 5. HP: 32/32 MP: 5/5
  2315 | D:3      | Noticed Natasha
  2328 | D:3      | Killed Natasha
  2444 | D:3      | Found a sacrificial altar of Ru.
  2468 | D:3      | Became a worshipper of Ru the Awakened
  2874 | D:3      | Noticed Natasha
  2882 | D:3      | Killed Natasha
  2967 | D:3      | Reached XP level 6. HP: 38/38 MP: 6/6
  3440 | D:4      | Reached XP level 7. HP: 22/44 MP: 7/7
  3665 | D:4      | Slain by an ogre

Vault maps used:
D:1:      dpeg_arrival_oval, minmay_misc_feat_ornament,
          minmay_misc_feat_four_crosses
D:2:      minmay_roachtagon
D:3:      cheibrodos_fertilizer, old_standard_altar, uniq_robin, uniq_natasha

Skill      XL: |  1  2  3  4  5  6 |
---------------+-------------------+-----
Armour         | 1 2 3 |  3.6
Shields        | 1 2 3 |  3.3
Fighting       | 3 4 |  4.3
Maces & Flails | 4 |  4.5
Throwing       | |  1.7
Dodging        | |  2.6

Action                   |  1- 3 |  4- 6 |  7- 9 || total
-------------------------+-------+-------+-------++-------
Melee: Flail             |   163 |   236 |     6 ||   405
  Eat: Chunk             |     2 |     7 |       ||     9
Armor: Leather armour    |    98 |   106 |     1 ||   205
Dodge: Dodged            |   100 |    98 |       ||   198
Block: Shield            |    55 |   112 |     2 ||   169

Table legend:
 A = Non-vault XP
 B = Vault XP
 C = Vault XP percentage of total XP
 D = Non-vault monster count
 E = Vault monster count
 F = Vault count percentage of total count
                 A         B        C        D         E       F
            +---------+---------+-------+---------+---------+-------
      Total |     355 |     277 |  43.8 |      69 |      35 |  33.7
            +---------+---------+-------+---------+---------+-------
        D:1 |      44 |       0 |   0.0 |      26 |       0 |   0.0
        D:2 |      48 |      18 |  27.3 |      18 |       9 |  33.3
        D:3 |     130 |     259 |  66.6 |      22 |      26 |  54.2
        D:4 |     133 |       0 |   0.0 |       3 |       0 |   0.0
            +---------+---------+-------+---------+---------+-------
